 Dungeon Crawl Stone Soup version 0.29-a0-380-gf50f0a9fbc (webtiles) character file.

Game seed: 13227790871838374029

117 Antichthon the Skirmisher (level 5, 0/33 HPs)
             Began as a Gargoyle Fighter on May 6, 2022.
             Killed from afar by a steam dragon (11 damage)
             ... with a ball of steam
             ... on level 4 of the Dungeon.
             The game lasted 00:06:19 (2618 turns).

Antichthon the Skirmisher (Gargoyle Fighter)        Turns: 2618, Time: 00:06:19

Health: 0/33       AC: 18    Str: 20    XL:     5   Next: 1%
Magic:  0/5        EV:  9    Int: 10    God:
Gold:   214        SH:  4    Dex:  9    Spells: 4/4 levels left

rFire   . . .      SeeInvis .   a - +0 flail
rCold   . . .      Faith    .   c - +0 buckler
rNeg    + . .      Spirit   +   b - +0 scale mail
rPois   ∞          Reflect  .   (no helmet)
rElec   +          Harm     .   l - +2 cloak {rCorr}
rCorr   +          Rampage  .   (no gloves)
Will    .....                   (no boots)
Stlth   ..........              h - amulet of guardian spirit
HPRegen 0.11/turn               g - +4 ring of protection
MPRegen 0.09/turn               (no ring)

@: no status effects
A: sickness immunity, AC +4, negative energy resistance 1, electricity
resistance, torment resistance 1, petrification resistance
a: no special abilities


You were on level 4 of the Dungeon.
You visited 2 branches of the dungeon, and saw 5 of its levels.

You collected 214 gold pieces.

Inventory:

Hand Weapons
 a - a +0 flail (weapon)
Armour
 b - a +0 scale mail (worn)
 c - a +0 buckler (worn)
 l - a +2 cloak of preservation (worn)
Jewellery
 g - a +4 ring of protection (left hand)
 h - an amulet of guardian spirit (around neck)
Scrolls
 e - 3 scrolls of teleportation
 k - a scroll of identify
Potions
 d - 2 potions of might
 f - a potion of ambrosia
 i - a potion of lignification
 j - 2 potions of curing
 m - a potion of attraction


   Skills:
 * Level 3.8 Fighting
 * Level 3.5 Maces & Flails
 * Level 3.8 Armour
 * Level 0.6 Dodging
 * Level 3.7 Shields
 * Level 1.2 Invocations


You had 4 spell levels left.
You didn't know any spells.
Your spell library was empty.

Dungeon Overview and Level Annotations

Branches:
Dungeon (4/15)             Temple (1/1) D:4

Altars:
Gozag
Makhleb
Nemelex Xobeh
Okawaru
Qazlal
Sif Muna
Uskayaw
Wu Jian
Xom
Zin


Innate Abilities, Weirdness & Mutations

You are immune to sickness and miasma.
Your stone body is resilient. (AC +4)
You are immune to poison.
You resist negative energy. (rN+)
You are resistant to electric shocks. (rElec)
You are resistant to unholy torment.
You are immune to petrification.


Message History

The crimson imp hits you but does no damage.
You hit the crimson imp.
The crimson imp is heavily wounded.
The orc hits you with a +0 trident.
The crimson imp hits you but does no damage.
The orc hits you but does no damage.
The crimson imp hits you but does no damage.
The orc attacks as you move away! The orc hits you but does no damage.
The orc closely misses you. You block the orc's attack.
The crimson imp hits you.
The crimson imp blinks!
The orc rages.
The orc misses you.
The crimson imp blinks!
The orc barely misses you.
Found 29 gold pieces.
The orc hits you but does no damage. The orc hits you but does no damage.
The orc barely misses you.
The orc rages.
The orc closely misses you.
You see here 9 gold pieces.
A steam dragon comes into view.
The steam dragon hisses angrily.
The orc is no longer berserk.
The orc hits you but does no damage.
The crimson imp shouts, "Begone, thou beslubbering flap-mouthed gonus!"
The steam dragon breathes steam at you. The ball of steam hits you!!
Ouch! That really hurt!
You hear an angry hiss. x2
Found a chain mail.
You are engulfed in a cloud of scalding steam.
Really walk into that cloud of steam?
Okay, then.
The steam dragon attacks as you move away!
The steam dragon bites you but does no damage.
The steam dragon claws you but does no damage.
The orc looks more energetic.
The steam dragon breathes steam at you. The ball of steam hits you!
You die...

≈#....###**,..≈...≈*,,,**********
≈###..###**,,.≈≈.,,*,,,**,,,*,,,*
≈###.....,,,≈....,,,,,,**,∩,*,>,*
##.....###***....,,*,,,,*,,,*,,,*
.....#...####...#***,>,.+*******+
......##,..#..#[# *,...,,*****,,
.......#*#.#.##.#**#....,,,,,,,,*
≈≈....$###.#.##.##...#***********
≈≈≈≈..$....#.#D§@..#**
≈≈≈≈≈......5.o§.####
≈≈≈≈≈.#.##.....##
≈≈≈≈≈.#.##.....#*
≈≈≈≈≈.#.........#
≈≈≈≈..#..#..#...#*
≈≈.......#..#....# ***
......##.#....####*****,***
......,,.#.#### **≈≈≈≈≈,,**


You could see a steam dragon (catching breath), a crimson imp and an orc.

Vanquished Creatures
  An iguana (D:3)
  3 adders
  2 dart slugs
  3 orcs (D:4)
  4 ball pythons
  2 endoplasms (D:1)
  4 giant cockroaches (D:1)
  2 goblins
  6 hobgoblins
  7 jackals
  5 kobolds
  3 quokkas
  4 bats
  4 frilled lizards
  3 rats
53 creatures vanquished.

Notes
Turn   | Place    | Note
-------+----------+-------------------------------------------
     0 | D:1      | Antichthon the Gargoyle Fighter began the quest for the
                  | Orb.
     0 | D:1      | Reached XP level 1. HP: 14/14 MP: 1/1
   124 | D:1      | Found a faded altar of an unknown god.
   175 | D:1      | Reached XP level 2. HP: 17/19 MP: 2/2
   568 | D:1      | Reached XP level 3. HP: 16/23 MP: 3/3
  1535 | D:3      | Reached skill level 1 in Invocations
  1669 | D:3      | Reached XP level 4. HP: 25/29 MP: 4/4
  2316 | D:4      | Found a staircase to the Ecumenical Temple.
  2422 | D:4      | Reached XP level 5. HP: 27/33 MP: 5/5
  2450 | Temple   | Entered the Ecumenical Temple
  2607 | D:4      | Noticed a steam dragon
  2618 | D:4      | Killed from afar by a steam dragon

Illustrated notes

Levels and vault maps discovered:
D:1:      erik_arrival_blinker_ship, layout_loops_ring,
          shapermc_ecumenical_altar_mp_highgroup
D:2:      layout_rooms
D:3:      layout_basic
D:4:      layout_rooms, temple_pool_b, serial_rivers,
          chequers_serial_rivers_micro_c, chequers_serial_rivers_micro_a,
          chequers_serial_rivers_large_a, chequers_serial_rivers_small_b,
          chequers_serial_rivers_micro_b, nicolae_ossuary_entry_false_entrances,
          minmay_fire_ice_demons, uniq_menkaure
Temple:   compressed_dpeg_circular_temple

Skill      XL: |  1  2  3 |
---------------+----------+-----
Invocations    | 1 |  1.2
Maces & Flails | 3 |  3.5
Fighting       | |  3.8
Armour         | |  3.8
Dodging        | |  0.6
Shields        | |  3.7

Action                   |  1- 3 |  4- 6 || total
-------------------------+-------+-------++-------
Melee: Flail             |   153 |    41 ||   194
  Use: Scroll            |     4 |     7 ||    11
Armor: Scale mail        |   105 |    42 ||   147
Dodge: Dodged            |   105 |    28 ||   133
Block: Buckler           |    30 |     8 ||    38

Table legend: (Time is in decaauts)
 A = Elapsed time spent in this place.
 B = Non-inter-level travel time spent in this place.
 C = Inter-level travel time spent in this place.
 D = Time resting spent in this place.
 E = Time spent auto-exploring this place.
 F = Levels seen in this place.
 G = Mean time per level.
                   A        B        C        D        E       F      G
               +--------+--------+--------+--------+--------+-----+--------+
         Total |   2677 |   2575 |    102 |      0 |   1916 |   5 |  535.4 |
       Dungeon |   2554 |   2478 |     76 |      0 |   1832 |   4 |  638.5 |
        Temple |    122 |     96 |     26 |      0 |     84 |   1 |  122.0 |
               +--------+--------+--------+--------+--------+-----+--------+

Top non-repeatable levels by time:
     D:1: 951 daAuts
     D:3: 874 daAuts
     D:2: 484 daAuts
     D:4: 243 daAuts
  Temple: 122 daAuts
